2234 views
Uploaded 2024-06-08 00:04:37
Game version 1.36 (6115)
13:45 long 4on4 ladder game on (8)FullScaleAssault
Saved by YIKIII
2234 views
Uploaded 2024-06-08 00:04:37
Game version 1.36 (6115)
13:45 long 4on4 ladder game on (8)FullScaleAssault


129 units @ 15.7k
/ 2k
77 buildings @ 8.9k
/ 3.8k


| Circlet of Nobility | 1 | 175 |
| total: | 1 | 175g |
| Peasant | 14 | 1050 | / | 0 |
| Rifleman | 17 | 3485 | / | 510 |
| Wisp | 2 | 120 | / | 0 |
| Huntress | 7 | 1365 | / | 140 |
| total: | 40 | 6020g | / | 650w |
| Scout Tower | 1 | 30 | / | 20 |
| Arcane Tower | 1 | 70 | / | 50 |
| Farm | 9 | 720 | / | 180 |
| Altar of Kings | 1 | 180 | / | 50 |
| Blacksmith | 1 | 140 | / | 60 |
| Barracks | 1 | 160 | / | 60 |
| Lumber Mill | 1 | 120 | / | 0 |
| Town Hall | 1 | 385 | / | 205 |
| Arcane Vault | 1 | 130 | / | 30 |
| Workshop | 1 | 140 | / | 140 |
| Keep | 1 | 320 | / | 210 |
| Castle | 1 | 360 | / | 210 |
| Moon Well | 4 | 720 | / | 160 |
| Ancient of War | 1 | 150 | / | 60 |
| total: | 22 | 2875g | / | 965w |
| 0:02 | Peasant |
| 0:03 | Peasant |
| 0:08 | Farm |
| 0:16 | Peasant |
| 0:38 | Peasant |
| 0:44 | Farm |
| 0:48 | Altar of Kings |
| 0:57 | Peasant |
| 1:04 | Blacksmith |
| 1:15 | Barracks |
| 1:17 | Peasant |
| 1:30 | Peasant |
| 1:41 | Peasant |
| 2:02 | Peasant |
| 2:19 | Farm |
| 2:23 | Peasant |
| 2:24 | Rifleman |
| 2:35 | Lumber Mill |
| 2:41 | Peasant |
| 2:57 | Farm |
| 3:02 | Rifleman |
| 3:06 | Holy Light |
| 3:15 | Peasant |
| 3:41 | Peasant |
| 3:54 | Devotion Aura |
| 4:03 | Town Hall |
| 4:30 | Rifleman |
| 4:52 | Wisp |
| 4:52 | Wisp |
| 4:54 | Moon Well |
| 4:57 | Ancient of War |
| 5:02 | Scout Tower |
| 5:03 | Peasant |
| 5:18 | Keep |
| 5:19 | Black Gunpowder |
| 5:34 | Rifleman |
| 5:44 | Rifleman |
| 5:48 | Improved Lumber Harvesting |
| 6:01 | Huntress |
| 6:01 | Huntress |
| 6:04 | Strength of the Moon |
| 6:04 | Moon Armor |
| 6:06 | Moon Well |
| 6:12 | Holy Light |
| 6:16 | Rifleman |
| 6:18 | Arcane Vault |
| 6:21 | Studded Leather Armor |
| 6:24 | Arcane Tower |
| 6:26 | Farm |
| 6:36 | Huntress |
| 6:54 | Trueshot Aura |
| 6:57 | Rifleman |
| 6:59 | Farm |
| 7:03 | Rifleman |
| 7:37 | Circlet of Nobility |
| 7:49 | Refined Gunpowder |
| 7:50 | Long Rifles |
| 7:55 | Farm |
| 8:08 | Scout |
| 8:22 | Castle |
| 8:23 | Farm |
| 8:26 | Reinforced Leather Armor |
| 8:26 | Rifleman |
| 8:26 | Rifleman |
| 8:45 | Improved Strength of the Moon |
| 8:45 | Improved Moon Armor |
| 8:47 | Huntress |
| 8:47 | Huntress |
| 9:28 | Storm Bolt |
| 9:29 | Devotion Aura |
| 9:34 | Workshop |
| 9:50 | Moon Glaive |
| 9:56 | Moon Well |
| 9:57 | Moon Well |
| 10:09 | Rifleman |
| 10:42 | Trueshot Aura |
| 11:17 | Holy Light |
| 11:19 | Rifleman |
| 11:19 | Rifleman |
| 11:19 | Rifleman |
| 11:20 | Imbued Gunpowder |
| 11:23 | Storm Bolt |
| 11:24 | Bash |
| 11:43 | Farm |
| 11:45 | Dragonhide Armor |
| 11:47 | Huntress |
| 12:31 | Rifleman |
| 13:15 | Bash |
| 13:22 | Rifleman |
| 13:22 | Rifleman |
| 13:27 | Huntress |
| 13:44 | Resurrection |
| Select | 304 |
| Right click | 285 |
| Select group | 216 |
| Misc. action | 159 |
| Build/train/purchase | 81 |
| Chat | 30 |
| Use ability | 28 |
| Assign group | 23 |
| Item give/drop | 1 |



| Scroll of Regeneration | 3 | 300 |
| Staff of Sanctuary | 1 | 250 |
| Potion of Healing | 2 | 300 |
| total: | 6 | 850g |
| Peasant | 16 | 1200 | / | 0 |
| Footman | 8 | 1080 | / | 0 |
| Gryphon Rider | 6 | 1680 | / | 420 |
| Goblin Shredder | 1 | 375 | / | 100 |
| total: | 31 | 4335g | / | 520w |
| Scout Tower | 8 | 240 | / | 160 |
| Arcane Tower | 2 | 140 | / | 100 |
| Guard Tower | 5 | 350 | / | 250 |
| Altar of Kings | 1 | 180 | / | 50 |
| Barracks | 1 | 160 | / | 60 |
| Farm | 10 | 800 | / | 200 |
| Town Hall | 1 | 385 | / | 205 |
| Lumber Mill | 1 | 120 | / | 0 |
| Blacksmith | 1 | 140 | / | 60 |
| Arcane Vault | 1 | 130 | / | 30 |
| Gryphon Aviary | 3 | 420 | / | 450 |
| Keep | 1 | 320 | / | 210 |
| Castle | 2 | 720 | / | 420 |
| total: | 27 | 2575g | / | 1215w |
| 0:02 | Peasant |
| 0:07 | Altar of Kings |
| 0:10 | Barracks |
| 0:12 | Peasant |
| 0:12 | Peasant |
| 0:28 | Farm |
| 0:35 | Peasant |
| 0:50 | Farm |
| 1:10 | Peasant |
| 1:10 | Peasant |
| 1:15 | Footman |
| 1:30 | Scout Tower |
| 1:36 | Scout Tower |
| 1:40 | Footman |
| 1:42 | Peasant |
| 1:52 | Peasant |
| 1:58 | Farm |
| 2:14 | Summon Water Elemental |
| 2:16 | Arcane Tower |
| 2:17 | Peasant |
| 2:17 | Peasant |
| 3:05 | Footman |
| 3:20 | Peasant |
| 3:20 | Peasant |
| 3:26 | Town Hall |
| 3:43 | Brilliance Aura |
| 3:52 | Footman |
| 3:55 | Scout Tower |
| 4:03 | Peasant |
| 4:17 | Farm |
| 4:24 | Arcane Tower |
| 4:54 | Footman |
| 4:54 | Footman |
| 5:09 | Keep |
| 5:15 | Lumber Mill |
| 5:18 | Scout Tower |
| 5:21 | Scout Tower |
| 6:08 | Blacksmith |
| 6:46 | Guard Tower |
| 6:46 | Guard Tower |
| 6:47 | Scout Tower |
| 6:48 | Scout Tower |
| 6:49 | Scout Tower |
| 6:56 | Improved Lumber Harvesting |
| 6:56 | Improved Masonry |
| 7:08 | Summon Water Elemental |
| 7:15 | Guard Tower |
| 7:28 | Iron Forged Swords |
| 7:36 | Footman |
| 7:36 | Footman |
| 8:01 | Guard Tower |
| 8:09 | Advanced Lumber Harvesting |
| 8:14 | Castle |
| 8:37 | Storm Bolt |
| 8:38 | Defend |
| 8:48 | Guard Tower |
| 9:28 | Arcane Vault |
| 9:52 | Gryphon Aviary |
| 9:55 | Gryphon Aviary |
| 9:58 | Gryphon Aviary |
| 10:08 | Farm |
| 10:09 | Farm |
| 10:09 | Farm |
| 10:30 | Scroll of Regeneration |
| 10:42 | Staff of Sanctuary |
| 10:50 | Steel Forged Swords |
| 10:53 | Peasant |
| 10:53 | Peasant |
| 10:53 | Peasant |
| 11:19 | Goblin Shredder |
| 11:48 | Bash |
| 11:55 | Gryphon Rider |
| 11:59 | Gryphon Rider |
| 12:03 | Gryphon Rider |
| 12:10 | Scroll of Regeneration |
| 12:14 | Scroll of Regeneration |
| 12:16 | Potion of Healing |
| 12:18 | Potion of Healing |
| 12:34 | Advanced Masonry |
| 12:44 | Gryphon Rider |
| 12:46 | Storm Hammers |
| 12:58 | Gryphon Rider |
| 13:07 | Farm |
| 13:08 | Farm |
| 13:08 | Farm |
| 13:28 | Holy Light |
| 13:35 | Mithril Forged Swords |
| 13:40 | Animal War Training |
| 13:44 | Gryphon Rider |
| Select | 304 |
| Right click | 276 |
| Select group | 157 |
| Misc. action | 106 |
| Build/train/purchase | 98 |
| Assign group | 35 |
| Chat | 25 |
| Use ability | 7 |
| Minimap ping | 7 |
| Item give/drop | 4 |
| Esc | 3 |

| Scroll of Regeneration | 1 | 100 |
| Potion of Healing | 1 | 150 |
| Scroll of Town Portal | 1 | 350 |
| total: | 3 | 600g |
| Peasant | 17 | 1275 | / | 0 |
| Footman | 3 | 405 | / | 0 |
| Flying Machine | 21 | 2100 | / | 630 |
| Mortar Team | 2 | 360 | / | 140 |
| Mur'gul Snarecaster | 1 | 215 | / | 20 |
| Huntress | 1 | 195 | / | 20 |
| Wisp | 5 | 300 | / | 0 |
| total: | 50 | 4850g | / | 810w |
| Scout Tower | 5 | 150 | / | 100 |
| Arcane Tower | 1 | 70 | / | 50 |
| Guard Tower | 2 | 140 | / | 100 |
| Altar of Kings | 1 | 180 | / | 50 |
| Farm | 6 | 480 | / | 120 |
| Barracks | 1 | 160 | / | 60 |
| Lumber Mill | 1 | 120 | / | 0 |
| Arcane Vault | 1 | 130 | / | 30 |
| Blacksmith | 1 | 140 | / | 60 |
| Town Hall | 1 | 385 | / | 205 |
| Workshop | 2 | 280 | / | 280 |
| Keep | 1 | 320 | / | 210 |
| Castle | 1 | 360 | / | 210 |
| Moon Well | 1 | 180 | / | 40 |
| Ancient of Wonders | 1 | 90 | / | 30 |
| Ancient of Lore | 3 | 465 | / | 435 |
| Tree of Ages | 1 | 320 | / | 180 |
| total: | 24 | 2760g | / | 1410w |
| 0:03 | Peasant |
| 0:16 | Altar of Kings |
| 0:18 | Peasant |
| 0:24 | Farm |
| 0:38 | Barracks |
| 0:44 | Peasant |
| 0:45 | Peasant |
| 0:55 | Peasant |
| 1:15 | Farm |
| 1:19 | Peasant |
| 1:36 | Lumber Mill |
| 1:39 | Peasant |
| 1:50 | Farm |
| 1:55 | Footman |
| 2:15 | Footman |
| 2:25 | Summon Quilbeast |
| 2:31 | Peasant |
| 2:37 | Arcane Vault |
| 2:45 | Footman |
| 2:59 | Improved Lumber Harvesting |
| 3:01 | Peasant |
| 3:08 | Farm |
| 3:43 | Scout Tower |
| 3:47 | Peasant |
| 4:03 | Keep |
| 4:18 | Arcane Tower |
| 4:42 | Improved Masonry |
| 5:04 | Moon Well |
| 5:21 | Blacksmith |
| 5:33 | Scout Tower |
| 5:35 | Scout Tower |
| 5:37 | Scout Tower |
| 5:41 | Scout Tower |
| 5:59 | Tree of Ages |
| 6:04 | Sentinel |
| 6:05 | Huntress |
| 6:12 | Guard Tower |
| 6:24 | Town Hall |
| 6:32 | Advanced Lumber Harvesting |
| 6:34 | Peasant |
| 6:34 | Peasant |
| 6:35 | Peasant |
| 6:39 | Workshop |
| 6:53 | Guard Tower |
| 7:15 | Ancient of Wonders |
| 7:19 | Summon Hawk |
| 7:29 | Workshop |
| 7:35 | Peasant |
| 8:06 | Mur'gul Snarecaster |
| 8:23 | Flak Cannons |
| 8:31 | Scroll of Regeneration |
| 8:35 | Scroll of Town Portal |
| 8:39 | Potion of Healing |
| 8:47 | Peasant |
| 8:48 | Peasant |
| 8:56 | Wisp |
| 8:57 | Wisp |
| 9:09 | Flying Machine |
| 9:10 | Flying Machine |
| 9:38 | Flare |
| 9:39 | Mortar Team |
| 9:51 | Summon Quilbeast |
| 9:59 | Mortar Team |
| 10:08 | Flying Machine |
| 10:08 | Flying Machine |
| 10:08 | Flying Machine |
| 10:09 | Flying Machine |
| 10:23 | Peasant |
| 10:33 | Black Gunpowder |
| 10:36 | Flying Machine |
| 10:36 | Flying Machine |
| 11:00 | Castle |
| 11:10 | Ancient of Lore |
| 11:13 | Ancient of Lore |
| 11:17 | Ancient of Lore |
| 11:18 | Wisp |
| 11:18 | Wisp |
| 11:18 | Wisp |
| 11:28 | Flying Machine |
| 11:29 | Flying Machine |
| 11:29 | Flying Machine |
| 11:29 | Flying Machine |
| 11:29 | Flying Machine |
| 11:39 | Scout |
| 11:46 | Flying Machine |
| 11:46 | Flying Machine |
| 11:54 | Flying Machine |
| 12:02 | Flying Machine |
| 12:10 | Farm |
| 12:15 | Farm |
| 12:51 | Flying Machine |
| 12:51 | Flying Machine |
| 12:52 | Flying Machine |
| 12:52 | Flying Machine |
| 13:15 | Advanced Masonry |
| 13:16 | Refined Gunpowder |
| 13:22 | Flying Machine Bombs |
| 13:29 | Trueshot Aura |
| 13:38 | Summon Hawk |
| Right click | 231 |
| Select | 195 |
| Select group | 174 |
| Build/train/purchase | 96 |
| Assign group | 54 |
| Misc. action | 19 |
| Chat | 17 |
| Esc | 3 |
| Use ability | 2 |
| Remove unit | 2 |
| Item give/drop | 1 |
| Wisp | 8 | 480 | / | 0 |
| total: | 8 | 480g | / | 0w |
| Moon Well | 1 | 180 | / | 40 |
| Ancient of War | 1 | 150 | / | 60 |
| Hunter's Hall | 1 | 210 | / | 100 |
| Altar of Elders | 1 | 180 | / | 50 |
| total: | 4 | 720g | / | 250w |
| 0:06 | Wisp |
| 0:06 | Wisp |
| 0:06 | Wisp |
| 0:08 | Wisp |
| 0:09 | Wisp |
| 0:26 | Moon Well |
| 1:19 | Ancient of War |
| 1:22 | Hunter's Hall |
| 1:23 | Wisp |
| 1:25 | Altar of Elders |
| 1:28 | Wisp |
| 1:40 | Wisp |
| Chat | 30 |
| Select | 23 |
| Right click | 10 |
| Build/train/purchase | 9 |
| Assign group | 1 |
113 units @ 14.7k
/ 1.4k
51 buildings @ 7.8k
/ 2.8k

| Lesser Clarity Potion | 1 | 70 |
| Healing Salve | 1 | 100 |
| total: | 2 | 170g |
| Peasant | 8 | 600 | / | 0 |
| Gryphon Rider | 6 | 1680 | / | 420 |
| total: | 14 | 2280g | / | 420w |
| Altar of Kings | 1 | 180 | / | 50 |
| Farm | 6 | 480 | / | 120 |
| Arcane Vault | 1 | 130 | / | 30 |
| Lumber Mill | 1 | 120 | / | 0 |
| Barracks | 1 | 160 | / | 60 |
| Blacksmith | 1 | 140 | / | 60 |
| Gryphon Aviary | 2 | 280 | / | 300 |
| Keep | 1 | 320 | / | 210 |
| Castle | 1 | 360 | / | 210 |
| total: | 13 | 1490g | / | 620w |
| 0:07 | Peasant |
| 0:07 | Peasant |
| 0:18 | Altar of Kings |
| 0:29 | Farm |
| 0:54 | Peasant |
| 1:16 | Peasant |
| 1:16 | Peasant |
| 1:51 | Peasant |
| 1:51 | Peasant |
| 1:52 | Peasant |
| 2:21 | Blizzard |
| 2:31 | Arcane Vault |
| 2:36 | Keep |
| 3:16 | Farm |
| 3:22 | Lesser Clarity Potion |
| 3:27 | Healing Salve |
| 4:05 | Lumber Mill |
| 4:50 | Farm |
| 5:15 | Gryphon Aviary |
| 5:18 | Gryphon Aviary |
| 5:30 | Barracks |
| 5:41 | Brilliance Aura |
| 6:05 | Castle |
| 6:47 | Blacksmith |
| 7:21 | Farm |
| 7:23 | Farm |
| 7:24 | Farm |
| 8:26 | Gryphon Rider |
| 8:29 | Gryphon Rider |
| 9:08 | Brilliance Aura |
| 9:39 | Animal War Training |
| 9:50 | Iron Forged Swords |
| 9:53 | Studded Leather Armor |
| 9:58 | Gryphon Rider |
| 11:37 | Gryphon Rider |
| 11:37 | Gryphon Rider |
| 12:08 | Gryphon Rider |
| Right click | 150 |
| Select | 106 |
| Build/train/purchase | 25 |
| Use ability | 12 |
| Resource trade | 7 |
| Misc. action | 2 |
| Select group | 2 |
| Assign group | 1 |

| Potion of Healing | 2 | 300 |
| Potion of Mana | 1 | 200 |
| Lesser Clarity Potion | 2 | 140 |
| Scroll of Town Portal | 1 | 350 |
| total: | 6 | 990g |
| Wisp | 26 | 1560 | / | 0 |
| Archer | 4 | 520 | / | 40 |
| Huntress | 10 | 1950 | / | 200 |
| Dryad | 3 | 435 | / | 180 |
| total: | 43 | 4465g | / | 420w |
| Ancient Protector | 2 | 270 | / | 160 |
| Altar of Elders | 1 | 180 | / | 50 |
| Moon Well | 4 | 720 | / | 160 |
| Ancient of War | 1 | 150 | / | 60 |
| Hunter's Hall | 1 | 210 | / | 100 |
| Tree of Life | 1 | 340 | / | 185 |
| Ancient of Wonders | 1 | 90 | / | 30 |
| Ancient of Lore | 1 | 155 | / | 145 |
| Tree of Ages | 1 | 320 | / | 180 |
| total: | 12 | 2115g | / | 890w |
| 0:05 | Wisp |
| 0:05 | Wisp |
| 0:12 | Altar of Elders |
| 0:23 | Moon Well |
| 0:30 | Ancient of War |
| 0:36 | Wisp |
| 0:45 | Wisp |
| 0:53 | Wisp |
| 1:06 | Wisp |
| 1:35 | Archer |
| 1:37 | Wisp |
| 1:37 | Wisp |
| 1:45 | Moon Well |
| 2:04 | Wisp |
| 2:11 | Moon Well |
| 2:19 | Force of Nature |
| 2:37 | Archer |
| 2:42 | Hunter's Hall |
| 3:01 | Archer |
| 3:01 | Archer |
| 3:19 | Moon Well |
| 4:02 | Strength of the Moon |
| 4:04 | Huntress |
| 4:07 | Entangling Roots |
| 4:22 | Tree of Life |
| 4:39 | Huntress |
| 5:18 | Tree of Ages |
| 6:01 | Moon Armor |
| 6:03 | Huntress |
| 6:04 | Huntress |
| 7:05 | Strength of the Wild |
| 7:07 | Huntress |
| 7:07 | Huntress |
| 7:11 | Wisp |
| 7:11 | Wisp |
| 7:11 | Wisp |
| 7:11 | Wisp |
| 7:18 | Force of Nature |
| 8:06 | Wisp |
| 8:06 | Wisp |
| 8:17 | Improved Strength of the Moon |
| 8:17 | Improved Strength of the Wild |
| 8:21 | Ancient of Lore |
| 8:24 | Wisp |
| 8:24 | Wisp |
| 8:24 | Wisp |
| 8:29 | Ancient of Wonders |
| 8:46 | Ancient Protector |
| 8:48 | Wisp |
| 8:48 | Wisp |
| 8:48 | Wisp |
| 8:48 | Wisp |
| 8:48 | Wisp |
| 9:53 | Abolish Magic |
| 9:54 | Dryad |
| 9:54 | Dryad |
| 9:54 | Dryad |
| 9:58 | Huntress |
| 9:58 | Huntress |
| 9:58 | Moon Glaive |
| 10:05 | Ancient Protector |
| 10:47 | Wisp |
| 10:47 | Wisp |
| 10:48 | Wisp |
| 11:16 | Huntress |
| 11:16 | Huntress |
| 11:17 | Potion of Healing |
| 11:18 | Potion of Healing |
| 11:18 | Potion of Mana |
| 11:36 | Reinforced Hides |
| 11:59 | Lesser Clarity Potion |
| 11:59 | Lesser Clarity Potion |
| 12:07 | Scroll of Town Portal |
| 12:45 | Entangling Roots |
| Right click | 242 |
| Select | 148 |
| Select group | 100 |
| Build/train/purchase | 70 |
| Use ability | 38 |
| Assign group | 23 |
| Resource trade | 6 |
| Minimap ping | 3 |
| Item give/drop | 1 |

| Healing Salve | 1 | 100 |
| total: | 1 | 100g |
| Peon | 12 | 900 | / | 0 |
| Grunt | 6 | 1200 | / | 0 |
| Troll Headhunter | 2 | 280 | / | 40 |
| Wind Rider | 9 | 2385 | / | 360 |
| total: | 29 | 4765g | / | 400w |
| Watch Tower | 3 | 330 | / | 240 |
| Altar of Storms | 1 | 180 | / | 50 |
| Orc Burrow | 6 | 960 | / | 240 |
| Barracks | 1 | 180 | / | 50 |
| Voodoo Lounge | 1 | 130 | / | 30 |
| War Mill | 1 | 205 | / | 0 |
| Beastiary | 2 | 290 | / | 280 |
| Stronghold | 1 | 315 | / | 190 |
| Fortress | 1 | 325 | / | 190 |
| total: | 15 | 2275g | / | 890w |
| 0:02 | Altar of Storms |
| 0:07 | Orc Burrow |
| 0:08 | Peon |
| 0:08 | Peon |
| 0:08 | Peon |
| 0:25 | Peon |
| 0:41 | Peon |
| 0:52 | Barracks |
| 1:01 | Peon |
| 1:01 | Peon |
| 1:20 | Voodoo Lounge |
| 1:26 | Peon |
| 1:48 | Orc Burrow |
| 2:01 | Wind Walk |
| 2:07 | Grunt |
| 2:28 | War Mill |
| 2:47 | Grunt |
| 3:11 | Grunt |
| 3:38 | Grunt |
| 3:59 | Stronghold |
| 4:21 | Grunt |
| 4:27 | Troll Headhunter |
| 4:34 | Healing Salve |
| 4:48 | Orc Burrow |
| 5:10 | Critical Strike |
| 5:24 | Watch Tower |
| 5:47 | Grunt |
| 5:50 | Spiked Barricades |
| 6:09 | Troll Headhunter |
| 6:19 | Fortress |
| 6:25 | Beastiary |
| 6:28 | Beastiary |
| 6:54 | Watch Tower |
| 7:17 | Wind Walk |
| 7:26 | Improved Spiked Barricades |
| 7:41 | Watch Tower |
| 8:36 | Orc Burrow |
| 8:40 | Critical Strike |
| 8:58 | Envenomed Spears |
| 9:00 | Wind Rider |
| 9:05 | Peon |
| 9:05 | Peon |
| 9:05 | Peon |
| 9:05 | Peon |
| 9:31 | Wind Rider |
| 9:42 | Orc Burrow |
| 10:03 | Wind Rider |
| 10:43 | Wind Rider |
| 11:34 | Wind Rider |
| 11:34 | Wind Rider |
| 11:39 | Wind Rider |
| 11:45 | Steel Ranged Weapons |
| 12:09 | Wind Rider |
| 12:15 | Reinforced Defenses |
| 12:22 | Wind Rider |
| 12:53 | Orc Burrow |
| 12:57 | Thorium Ranged Weapons |
| Right click | 448 |
| Select group | 229 |
| Select | 165 |
| Misc. action | 73 |
| Build/train/purchase | 67 |
| Assign group | 13 |
| Use ability | 8 |
| Item give/drop | 2 |
| Esc | 1 |


| Rod of Necromancy | 1 | 150 |
| Ritual Dagger | 1 | 125 |
| Potion of Healing | 3 | 450 |
| Scroll of Town Portal | 1 | 350 |
| total: | 6 | 1075g |
| Acolyte | 9 | 675 | / | 0 |
| Ghoul | 12 | 1440 | / | 0 |
| Gargoyle | 6 | 1050 | / | 180 |
| total: | 27 | 3165g | / | 180w |
| Spirit Tower | 3 | 435 | / | 120 |
| Nerubian Tower | 1 | 100 | / | 20 |
| Crypt | 2 | 400 | / | 100 |
| Altar of Darkness | 1 | 180 | / | 50 |
| Ziggurat | 5 | 750 | / | 250 |
| Tomb of Relics | 1 | 130 | / | 30 |
| Graveyard | 1 | 215 | / | 0 |
| Necropolis | 1 | 225 | / | 0 |
| Halls of the Dead | 2 | 640 | / | 420 |
| Black Citadel | 1 | 325 | / | 230 |
| total: | 11 | 1900g | / | 430w |
| 0:02 | Acolyte |
| 0:02 | Acolyte |
| 0:35 | Crypt |
| 0:36 | Altar of Darkness |
| 0:40 | Ziggurat |
| 0:50 | Tomb of Relics |
| 1:14 | Ziggurat |
| 1:30 | Graveyard |
| 1:41 | Ghoul |
| 1:41 | Ghoul |
| 1:59 | Ghoul |
| 2:17 | Ghoul |
| 2:34 | Ghoul |
| 2:38 | Rod of Necromancy |
| 2:42 | Ritual Dagger |
| 2:46 | Carrion Swarm |
| 2:54 | Ghoul |
| 3:28 | Ghoul |
| 3:43 | Ghoul |
| 4:05 | Vampiric Aura |
| 4:21 | Ghoul |
| 4:42 | Acolyte |
| 5:20 | Necropolis |
| 5:24 | Acolyte |
| 5:24 | Acolyte |
| 5:26 | Ghoul |
| 5:28 | Halls of the Dead |
| 6:00 | Unholy Strength |
| 6:34 | Carrion Swarm |
| 6:54 | Acolyte |
| 7:10 | Acolyte |
| 7:11 | Ziggurat |
| 7:13 | Ziggurat |
| 7:16 | Acolyte |
| 7:24 | Ghoul |
| 7:28 | Unholy Armor |
| 8:01 | Black Citadel |
| 8:01 | Ghoul |
| 8:05 | Crypt |
| 8:08 | Spirit Tower |
| 8:09 | Spirit Tower |
| 8:38 | Gargoyle |
| 8:44 | Halls of the Dead |
| 9:18 | Gargoyle |
| 9:20 | Ziggurat |
| 9:22 | Spirit Tower |
| 9:23 | Nerubian Tower |
| 9:52 | Vampiric Aura |
| 10:18 | Gargoyle |
| 10:21 | Potion of Healing |
| 10:23 | Scroll of Town Portal |
| 10:29 | Frost Nova |
| 10:30 | Gargoyle |
| 11:21 | Gargoyle |
| 11:34 | Potion of Healing |
| 11:37 | Potion of Healing |
| 12:09 | Acolyte |
| 12:14 | Gargoyle |
| Select | 272 |
| Right click | 230 |
| Build/train/purchase | 61 |
| Use ability | 23 |
| Misc. action | 22 |
| Remove unit | 3 |
| Minimap ping | 3 |
⇛